AoeStats
← ALIKOG_IR

Migration

507434179Analyzed
1v1 RM · 14d ago on Sep 18, 2026· 47m 55s· 2 players
Game mode
Random Map
Map size
132×132
Population
200
Speed
Normal
Resources
Standard
Victory
Conquest
Starting age
Dark Age
Ending age
Imperial Age
RankedLock teamsTeams togetherTeam positionsShared explorationLock speedFull tech treeHidden civsTurbo modeCheats
Victory
Defeat
🇦🇷 Mongols · Argentina
1469
+13
🇦🇷 Huns · Argentina
1395
-13
ALIKOG_IR
10:17 Feudal Age
11:02 Double-Bit Axe
10:59 Horse Collar
17:45 Castle Age
16:59 Forging
18:36 Medium Warships
19:49 Iron Casting
22:22 Bow Saw
22:51 Fletching
26:17 Demolition Ship
32:01 Ballistics
32:28 Bodkin Arrow
33:22 Padded Archer Armor
34:02 Loom
36:44 Leather Archer Armor
37:19 Scale Barding Armor
40:55 Imperial Age
40:34 Chain Barding Armor
40:16 Husbandry
40:54 Bloodlines
41:26 Wheelbarrow
41:17 Gold Mining
41:17 Stone Mining
42:46 Bracer
44:38 Chemistry
45:31 Plate Barding Armor
一剑霜寒
10:35 Feudal Age
13:26 Fishing Lines
16:25 Castle Age
14:11 Loom
14:48 Double-Bit Axe
17:19 Medium Warships
17:36 Bow Saw
17:08 Horse Collar
18:00 Gillnets
18:16 Loom
18:25 Gold Mining
18:46 Demolition Ship
20:25 Wheelbarrow
21:45 Fletching
21:55 Padded Archer Armor
24:08 Town Watch
32:26 Leather Archer Armor
34:01 Bloodlines
33:51 Husbandry
39:16 Imperial Age
37:07 Bodkin Arrow
37:41 Ballistics
37:31 Masonry
40:25 Heavy Warships
42:57 Chemistry
42:42 Conscription
42:39 Bracer
42:59 Siege Engineers
44:15 Elite Mangudai
Connection lost

Rejoining the realm…

Still unreachable

The connection could not be restored.

Session expired

The server has moved on; the page needs a fresh start.